 Dungeon Crawl Stone Soup version 0.27.1-35-g4d5d836560 (console) character file.

Game seed: 2454307728922589093

395 grimtooth the Firebug (level 6, 0/45 HPs)
             Began as a Demigod Fire Elementalist on Dec 24, 2022.
             Slain by Edmund (3 damage)
             ... on level 4 of the Dungeon.
             The game lasted 00:16:39 (3816 turns).

grimtooth the Firebug (Demigod Fire Elementalist)   Turns: 3816, Time: 00:16:40

Health: 0/45       AC:  2    Str: 13    XL:     6   Next: 26%
Magic:  11/11      EV: 12    Int: 21    God:
Gold:   127        SH:  0    Dex: 14    Spells: 4/8 levels left

rFire    + . .     SeeInvis .   b - +0 dagger
rCold    + . .     Faith    .   (no shield)
rNeg     . . .     Spirit   .   a - +0 robe
rPois    +         Reflect  .   (no helmet)
rElec    +         Harm     .   (no cloak)
rCorr    +         Rampage  .   (no gloves)
Will     .....                  (no boots)
Stlth    ++........             (no amulet)
HPRegen  0.15/turn              (no ring)
MPRegen  0.12/turn              (no ring)

@: resistant, very slightly contaminated
A: high mp 1, forlorn
a: no special abilities


You were on level 4 of the Dungeon.
You visited 1 branch of the dungeon, and saw 5 of its levels.

You collected 127 gold pieces.

Inventory:

Hand Weapons
 b - a +0 dagger (weapon)
Missiles
 c - 67 stones
 f - 2 silver javelins
 n - 11 sling bullets
 p - 10 poisoned darts (quivered)
 q - 7 javelins
 u - a throwing net {=f}
Armour
 a - a +0 robe (worn)
Scrolls
 d - 2 scrolls of identify {@r4}
 h - 2 scrolls of amnesia
 j - a scroll of blinking {unknown}
 k - a scroll of holy word {unknown}
 l - a scroll of noise {unknown}
 r - a scroll of fog {unknown}
 s - a scroll of teleportation {unknown}
 v - a scroll of magic mapping {unknown}
Potions
 e - 2 potions of attraction
 i - a potion of curing


   Skills:
 - Level 1.7 Dodging
 - Level 1.7 Stealth
 - Level 1.7 Spellcasting
 + Level 4.3 Conjurations
 + Level 5.1 Fire Magic


You had 4 spell levels left.
You knew the following spells:

 Your Spells              Type           Power      Damage    Failure   Level
a - Foxfire               Conj/Fire      84%        2x1d8     2%          1
c - Conjure Flame         Conj/Fire      21%        6-21      6%          3

Your spell library contained the following spells:

 Spells                   Type           Power      Damage    Failure   Level
 Inner Flame              Hex/Fire       12%        N/A       16%         3
 Ensorcelled Hibernation  Hex/Ice        2%         N/A       22%         2
 Sticky Flame             Conj/Fire      21%        2d4       22%         4
 Gell's Gravitas          Tloc           0%         N/A       41%         3
 Spider Form              Tmut/Pois      0%         N/A       41%         3
 Teleport Other           Tloc           1%         N/A       41%         3
 Fireball                 Conj/Fire      10%        3d6       52%         5
 Dispersal                Tloc           0%         N/A       100%        6
 Shadow Creatures         Summ           N/A        N/A       100%        6


Dungeon Overview and Level Annotations

Branches:
Dungeon (5/15)             Temple (0/1) D:4

Shops:
D:2 *

Annotations:
D:2 exclusion: scorpion
D:4 1 runed translucent door, Crazy Yiuf, Edmund
D:5 Sigmund


Innate Abilities, Weirdness & Mutations

Your attributes grow dramatically as you level up.
You have an increased reservoir of magic. (+10% MP)
You shall have no god before yourself.


Message History

You hit Edmund but do no damage.
Edmund is lightly wounded.
Edmund hits you with a +1 vorpal flail.
You barely miss Edmund.
Edmund is lightly wounded.
You flicker for a moment.
Edmund hits you with a +1 vorpal flail.
* * * LOW HITPOINT WARNING * * *
x2 You hit Edmund but do no damage.
Edmund is lightly wounded.
Edmund hits you with a +1 vorpal flail.
* * * LOW HITPOINT WARNING * * *
x2 You smack Edmund!
Edmund is moderately wounded.
Edmund hits you but does no damage.
You hit Edmund but do no damage.
Edmund is moderately wounded.
You feel less wooden.
Your +0 robe unmelds from your body.
Edmund barely misses you.
Really attack while wielding nothing?
Okay, then.
Really attack while wielding nothing?
Okay, then.
Really attack while wielding nothing?
Okay, then.
Really attack while wielding nothing? [Y]es or [N]o only, please.
Really attack while wielding nothing?
Okay, then.
b - a +0 dagger (weapon)
Edmund misses you.
You hit Edmund.
Edmund is moderately wounded.
Edmund closely misses you.
You closely miss Edmund.
Edmund is moderately wounded.
You flicker back into view.
Edmund hits you with a +1 vorpal flail!
* * * LOW HITPOINT WARNING * * *
You die...

######### #.....@.#
#.#####@# #. #(### #.
##############.(.# #.
#.......⌠...####.#
#.##.##..........@..#
......@..⌠.>.⌠...>###
.....###........#.#
.....# #...⌠...##.#
...†.# ##.#.#.###.#
#.#..####...# # #.#


You could see Edmund.

Vanquished Creatures
  Menkaure (D:5)
  A necrophage (D:4)
  A scorpion (D:4)
  An iguana (D:4)
  4 adders
  A dart slug (D:4)
  5 orcs
  3 ball pythons (D:1)
  5 endoplasms
  3 giant cockroaches
  3 hobgoblins
  4 quokkas
  7 bats
  A frilled lizard (D:1)
  14 goblins
  4 kobolds
  7 rats
  A spectral hobgoblin (D:1)
66 creatures vanquished.

Vanquished Creatures (others)
  174 foxfires
  4 plants (D:1)
178 creatures vanquished.

Grand Total: 244 creatures vanquished

Notes
Turn   | Place    | Note
-------+----------+-------------------------------------------
     0 | D:1      | grimtooth the Demigod Fire Elementalist began the quest for
                  | the Orb.
     0 | D:1      | Reached XP level 1. HP: 14/14 MP: 5/5
    45 | D:1      | Reached skill level 1 in Conjurations
   256 | D:1      | Reached skill level 3 in Fire Magic
   262 | D:1      | Reached XP level 2. HP: 13/20 MP: 1/7
  1108 | D:2      | Reached XP level 3. HP: 26/26 MP: 1/8
  1258 | D:2      | Found Erysil's General Store.
  1630 | D:2      | Noticed a scorpion
  2079 | D:3      | Reached XP level 4. HP: 30/33 MP: 5/9
  2462 | D:4      | Noticed Sigmund
  2462 | D:4      | Noticed an ogre
  2582 | D:4      | Found a staircase to the Ecumenical Temple.
  2606 | D:4      | Noticed Edmund
  3066 | D:4      | Noticed a necrophage
  3078 | D:4      | Killed a necrophage
  3079 | D:4      | Reached skill level 4 in Fire Magic
  3079 | D:4      | Reached XP level 5. HP: 32/38 MP: 4/10
  3259 | D:4      | Found a runed translucent door.
  3260 | D:4      | Noticed Crazy Yiuf
  3380 | D:3      | Learned a level 3 spell: Conjure Flame
  3428 | D:5      | Entered Level 5 of the Dungeon
  3459 | D:5      | Noticed Menkaure
  3476 | D:5      | Killed Menkaure
  3477 | D:5      | Reached skill level 5 in Fire Magic
  3477 | D:5      | Reached XP level 6. HP: 8/45 MP: 5/11
  3816 | D:4      | Slain by Edmund

Illustrated notes

Levels and vault maps discovered:
D:1:      lemuel_arrival_funnel, layout_loops_ring,
          dreamdust_ecumenical_altar_drowned_temple, serial_bayou,
          serial_bayou_pond_e, serial_bayou_pond_d, serial_bayou_shore_a,
          serial_bayou_ford_a
D:2:      layout_basic, serial_shops, shop, minmay_fountain_box,
          skrybe_limestone_x
D:3:      layout_rooms
D:4:      layout_basic, trog_hazing_becter, temple_fountains, uniq_edmund,
          uniq_grinder, uniq_crazy_yiuf_cottage, uniq_sigmund
D:5:      layout_loops_ring, lemuel_doored_altar,
          yredelemnul_forgotten_temple_becter, uniq_menkaure

Skill      XL: |  1  2  3  4  5 |
---------------+----------------+-----
Conjurations   | 1 2 3 4 |  4.3
Fire Magic     | 3 4 5 |  5.1
Dodging        | |  1.7
Stealth        | |  1.7
Spellcasting   | |  1.7

Action                   |  1- 3 |  4- 6 || total
-------------------------+-------+-------++-------
Melee: Dagger            |    18 |    22 ||    40
       Unarmed           |       |     9 ||     9
Throw: Dart              |       |     5 ||     5
 Cast: Foxfire           |    62 |    46 ||   108
  Use: Potion            |       |     6 ||     6
       Scroll            |       |     1 ||     1
 Stab: Invisible         |       |     7 ||     7
Armor: Robe              |    15 |     3 ||    18
       Skin              |       |    15 ||    15
Dodge: Dodged            |    26 |    24 ||    50
